 Dungeon Crawl Stone Soup version 0.30.0-5-g1a98f26d00 (webtiles) character file.

Game seed: 1113732157676218737

126 Orangeyouglad the Ducker (level 5, -21/42 HPs)
             Began as a Human Monk on May 12, 2023.
             Killed by an exploding kobold zombie (30 damage)
             ... ignited by their inner flame
             ... on level 4 of the Dungeon.
             The game lasted 00:05:01 (2975 turns).

Orangeyouglad the Ducker (Human Monk)               Turns: 2975, Time: 00:05:03

Health: -21/42     AC:  6    Str: 12    XL:     5   Next: 31%
Magic:  0/7        EV: 12    Int: 12    God:
Gold:   183        SH:  0    Dex: 15    Spells: 7/7 levels left

rFire   . . .        a - +0 long sword
rCold   . . .        d - orb {light}
rNeg    . . .        k - +0 ring mail
rPois   .            (no helmet)
rElec   .            t - +0 cloak
rCorr   .            (no gloves)
SInv    .            (no boots)
Will    .....        g - amulet of guardian spirit
Stlth   +            (no ring)
HPRegen 0.27/turn    (no ring)
MPRegen 0.10/turn

%: guardian spirit
@: glowing
A: no striking features
a: no special abilities


You were on level 4 of the Dungeon.
You visited 1 branch of the dungeon, and saw 4 of its levels.

You collected 183 gold pieces.

Inventory:

Hand Weapons
 a - a +0 long sword (weapon)
 b - a +0 sling
 m - a +0 falchion
Missiles
 s - 6 boomerangs
Armour
 d - an orb of light (worn)
 k - a +0 ring mail (worn)
 l - a +0 robe
 t - a +0 cloak (worn)
Jewellery
 g - an amulet of guardian spirit (around neck)
 u - a ring of fire
Scrolls
 p - a scroll of teleportation {unknown}
 q - 2 scrolls of amnesia
 r - a scroll of torment {unknown}
 v - a scroll of vulnerability {unknown}
Potions
 c - a potion of ambrosia
 e - 2 potions of curing
 f - a potion of flight
 h - a potion of lignification {unknown}
 j - a potion of might {unknown}
 w - a potion of berserk rage {unknown}


   Skills:
 + Level 4.0 Fighting
 - Level 3.2 Long Blades
 + Level 4.0 Dodging
 + Level 1.9 Spellcasting


You had 7 spell levels left.
You didn't know any spells.
Your spell library contained the following spells:

 Spells                   Type           Power      Damage    Failure   Level
 Cigotuvi's Dreadful Rot  Necr/Pois/Air  2%         N/A       67%         2
 Ignite Poison            Fire/Tmut/Pois 1%         N/A       88%         3
 Fireball                 Conj/Fire      0%         3d3       100%        5
 Freezing Cloud           Conj/Ice/Air   0%         6-21      100%        5
 Iskenderun's Battlesphe  Conj           1%         2d6       100%        5
 Conjure Ball Lightning   Conj/Air       0%         3x3d6     100%        6
 Orb of Destruction       Conj           0%         9d5       100%        7


Dungeon Overview and Level Annotations

Branches:
Dungeon (4/15)
 Temple: D:4-7

Altars:
The Shining One

Annotations:
D:3 2 runed translucent doors, Fractals's ghost, amateur SpRe
D:4 Blork the orc


Message History

The goblin skeleton hits you but does no damage.
You hear the slow rusting of a distant drain.
The orc priest hits you with a +0 club.
The orc priest invokes the aid of Beogh against you.
Beogh smites you!
Blork the orc looks braver for a moment.
The kobold zombie barely misses you.
The orc priest attacks as you move away!
The orc priest closely misses you.
Okay, then.
Okay, then.
Really read the scroll of immolation?
As you read the scroll of immolation, it crumbles to dust.
The creatures around you are filled with an inner flame!
The orc priest misses you. The kobold zombie barely misses you.
The kobold zombie hits you but does no damage.
The orc priest attacks as you move away!
The orc priest completely misses you.
The orc priest casts a cantrip, but nothing happens.
The kobold zombie hits you but does no damage.
The orc priest calls down the wrath of Beogh upon you.
Beogh smites you!
* * * LOW HITPOINT WARNING * * *
You feel better.
Blork the orc screams, "I'm much stronger than you!"
The hobgoblin zombie hits you.
* * * LOW HITPOINT WARNING * * *
You hit the kobold zombie.
Flame seeps out of the kobold zombie.
The kobold zombie is heavily damaged.
Blork the orc casts a spell.
Blork the orc seems to speed up.
The kobold zombie is engulfed in blazing flames.
The kobold zombie explodes!
The fiery explosion engulfs the hobgoblin zombie!!!
The fiery explosion engulfs the orc priest!
Flame seeps out of the orc priest.
The orc priest is almost dead.
The fiery explosion engulfs you!!
Ouch! That really hurt!
You die...

###....#..##.........
...#.....###..####..#
##.....#Z#
#Zo#.##.####
.......Z.#
#ZZ.........
........##
#go##.....#.
##.#....# #oo...._..+
. #....# #o§.#......#
#....# #○§.......##
#....# #@.##..+#..#
#....# ##..##.#.##(#
#....###......... ..
#..?.<..........
#..#......#..#.....
..[#.##...#....#..!..
.. ..........#.......
#.......##.###.....
........# .# #..


You could see Blork the orc (fast, inner flame), 2 orc priests, 2 orcs, a kobold
zombie (inner flame), a hobgoblin (inner flame), a goblin skeleton (inner flame)
and an orc skeleton (inner flame).

Vanquished Creatures
  Ijyb (D:3)
  A gnoll (D:1)
  3 adders
  A worm (D:2)
  3 dart slugs
  4 orcs (D:3)
  5 bats
  4 endoplasms
  A giant cockroach (D:1)
  5 goblins (D:1)
  2 hobgoblins
  6 jackals (D:1)
  3 kobolds
  A quokka (D:1)
  3 ball pythons (D:1)
  5 frilled lizards
  A hobgoblin zombie (D:4)
  A kobold zombie (D:4)
  An orc zombie (D:4)
  5 rats
56 creatures vanquished.

Notes
Turn   | Place    | Note
-------+----------+-------------------------------------------
     0 | D:1      | Orangeyouglad the Human Monk began the quest for the Orb.
     0 | D:1      | Reached XP level 1. HP: 18/18 MP: 1/1
    64 | D:1      | Reached XP level 2. HP: 20/24 MP: 2/2
   200 | D:1      | Reached XP level 3. HP: 21/29 MP: 3/3
   492 | D:1      | Reached skill level 1 in Spellcasting
   625 | D:1      | Reached XP level 4. HP: 35/36 MP: 3/5
  1904 | D:3      | Noticed Ijyb
  2280 | D:3      | Found a faded altar of an unknown god.
  2371 | D:3      | Reached XP level 5. HP: 42/42 MP: 7/7
  2396 | D:3      | Found a runed translucent door.
  2401 | D:3      | Noticed Fractals's ghost (amateur SpRe)
  2472 | D:3      | Killed Ijyb
  2648 | D:3      | Found a runed translucent door.
  2933 | D:4      | Found a glowing golden altar of the Shining One.
  2956 | D:4      | Noticed Blork the orc
  2975 | D:4      | Killed by an exploding kobold zombie... ignited by their
                  | inner flame

Illustrated notes

Levels and vault maps discovered:
D:1:      sevenhm_arrival_forest_fort_small_4, layout_basic
D:2:      layout_basic, chequers_big_river
D:3:      layout_basic, ebering_ghost_sewer_f, chequers_ecumenical_altar_grove,
          uniq_ijyb
D:4:      layout_rooms, mainiacjoe_overflow_alcove_1,
          nicolae_tso_besieged_by_evil, nicolae_overflow_crystal_walls,
          minmay_temple_entry_sparse_star, cheibrodos_sewer_entry_sluice,
          kennysheep_cross_bottleneck, minmay_increasing_density,
          uniq_blork_the_orc

Skill      XL: |  1  2  3  4  5 |
---------------+----------------+-----
Spellcasting   | 1 |  1.9
Fighting       | 4 |  4.0
Dodging        | 4 |  4.0
Long Blades    | |  3.2

Action                     |  1- 3 |  4- 6 || total
---------------------------+-------+-------++-------
  Melee: Falchion          |    78 |    13 ||    91
         Long sword        |       |    45 ||    45
   Fire: Sling             |       |    17 ||    17
    Use: Scroll            |       |     5 ||     5
         Potion            |       |     1 ||     1
 Armour: Robe              |     4 |       ||     4
         Leather armour    |    11 |     4 ||    15
         Ring mail         |       |    23 ||    23
  Dodge: Dodged            |    65 |    47 ||   112
